 Dungeon Crawl Stone Soup version 0.24-a0-415-g6d73c25c48 (webtiles) character file.

Game seed: 15428428895369201139

1379 theanonym the Grappler (level 8, -2/71 HPs)
             Began as a Ghoul Gladiator on June 7, 2019.
             Was an Initiate of Ru.
             Slain by a gnoll sergeant
             ... wielding a +0 spear
              (6 damage)
             ... on level 6 of the Dungeon.
             The game lasted 00:07:19 (4511 turns).

theanonym the Grappler (Ghoul Gladiator)            Turns: 4511, Time: 00:07:19

Health: -2/71      AC:  8    Str: 20    XL:     8   Next: 66%
Magic:  7/7        EV:  7    Int:  1    God:    Ru [......]
Gold:   139        SH:  7    Dex: 10    Spells: 7/7 levels left

rFire    . . .     SeeInvis .     - Unarmed
rCold    + . .     Gourm    .   g - +0 shield
rNeg     + + +     Faith    .   s - +0 scale mail
rPois    ∞         Spirit   .   b - +0 helmet
rElec    .         Reflect  .   (no cloak)
rCorr    .         Harm     +   (no gloves)
MR       .....                  i - +0 pair of boots
Stlth    ..........             d - amulet of harm
HPRegen  0.00/turn              u - ring of flight
MPRegen  0.10/turn              (no ring)

@: rotting
A: rotting body, claws 1, carnivore, cold resistance 1, dopey 1, negative energy
resistance 3, inhibited regeneration, torment resistance, unbreathing
a: Renounce Religion, Evoke Flight


Innate Abilities, Weirdness & Mutations

Your body is rotting away.
You thrive on raw meat.
You are immune to poison.
You have sharp fingernails.
You are carnivorous and can eat meat at any time.
Your flesh is cold resistant. (rC+)
You are dopey. (Int -2)
You are immune to negative energy. (rN+++)
You do not regenerate when monsters are visible.
You are immune to unholy pain and torment.
You can survive without breathing.


   Skills:
 + Level 6.8 Fighting
 - Level 1.7 Throwing
 - Level 2.6 Dodging
 * Level 9.8 Unarmed Combat


You had 7 spell levels left.
You didn't know any spells.
Your spell library contained the following spells:

 Spells                   Type           Power        Failure   Level  Hunger
 Corona                   Hex            #......      100%        1    ##.....
 Ensorcelled Hibernation  Hex/Ice        #.....       100%        2    ###....
 Confuse                  Hex            #.......     100%        3    ####...
 Dazzling Spray           Conj/Hex       #.....       100%        3    ####...
 Tukima's Dance           Hex            #.......     100%        3    ####...

Skill      XL: |  1  2  3  4  5  6  7  8 |
---------------+-------------------------+-----
Unarmed Combat | 4 5 6 7 8 9 |  9.8
Fighting       | 3 4 5 6 |  6.8
Throwing       | |  1.7
Dodging        | |  2.6

Action                   |  1- 3 |  4- 6 |  7- 9 || total
-------------------------+-------+-------+-------++-------
Melee: Unarmed           |   122 |   166 |   139 ||   427
       Punch             |     3 |       |       ||     3
Throw: Throwing net      |       |     1 |     4 ||     5
Invok: Sacrifice Purity  |       |       |     1 ||     1
Evoke: Wand              |       |       |     3 ||     3
  Use: Scroll            |       |     6 |     3 ||     9
 Stab: Held in net/web   |       |     1 |       ||     1
  Eat: Chunk             |     1 |    10 |    11 ||    22
Armor: Leather armour    |    36 |    19 |       ||    55
       Scale mail        |       |    46 |    60 ||   106
Dodge: Dodged            |    56 |    55 |    38 ||   149
Block: Shield            |       |    57 |    34 ||    91

Inventory:

Missiles
 t - a throwing net (quivered)
Armour
 b - a +0 helmet (worn)
 g - a +0 shield (worn)
 i - a +0 pair of boots (worn)
 s - a +0 scale mail (worn)
Jewellery
 d - an amulet of harm (around neck)
 u - a ring of flight (left claw)
Wands
 x - a wand of scattershot (1)
Scrolls
 a - a scroll of fog {unknown}
 f - 2 scrolls of enchant armour
 j - a scroll of magic mapping {unknown}
 l - 2 scrolls of fear {unknown}
 n - a scroll of teleportation
 o - 2 scrolls of amnesia {unknown}
 p - 2 scrolls of noise {unknown}
 v - 2 scrolls of immolation
 y - 2 scrolls of remove curse {unknown}
 B - 2 scrolls of blinking
Potions
 h - 3 potions of haste
 k - a potion of degeneration
 m - 2 potions of might
 q - 2 potions of heal wounds
 r - a potion of resistance {unknown}
 w - 4 potions of curing
Comestibles
 c - 10 chunks of flesh
 e - 13 rations


You were on level 6 of the Dungeon.
You worshipped Ru.
Ru was noncommittal.
You were not hungry.

You visited 2 branches of the dungeon, and saw 7 of its levels.

You collected 372 gold pieces.
You spent 233 gold pieces at shops.

Dungeon Overview and Level Annotations

Branches:
Dungeon (6/15)             Temple (1/1) D:4

Altars:
Ashenzari
Cheibriados
Dithmenos
Elyvilon
Fedhas
Gozag
Hepliaklqana
Kikubaaqudgha
Nemelex Xobeh
Okawaru
Qazlal
Ru
Sif Muna
Uskayaw
Vehumet
Wu Jian
Xom
Yredelemnul
Zin
The Shining One

Shops:
D:4 ?   D:5 [ D:6

( # #..÷..# #. #.
#.#.##########.
#.###...#
#.....#..
#.....###
#....<#.# ###..##
#.....#(. ##.#
##.....###
###.#####.......#
#......##.#####.#
#@#.##.##.# #.#
#.#.##.##.# #.##
#g#.......# #...
#g####.#..#####.##
#.####..#..hg...##
#(∩..gg#####g.....
#####.## ##.....
##.# ##......
##.###.......


You could see a gnoll sergeant and a gnoll.

Notes
Turn   | Place    | Note
-------+----------+-------------------------------------------
     0 | D:1      | theanonym the Ghoul Gladiator began the quest for the Orb.
     0 | D:1      | Reached XP level 1. HP: 17/17 MP: 0/0
   321 | D:1      | Reached XP level 2. HP: 24/25 MP: 1/1
   829 | D:1      | Reached skill level 4 in Unarmed Combat
   990 | D:2      | Reached XP level 3. HP: 25/30 MP: 2/2
  1165 | D:2      | Reached skill level 3 in Fighting
  1265 | D:2      | Reached XP level 4. HP: 29/38 MP: 3/3
  1675 | D:3      | Reached skill level 5 in Unarmed Combat
  1776 | D:3      | Reached XP level 5. HP: 38/45 MP: 4/4
  1897 | D:3      | Found a hazy altar of Hepliaklqana.
  2198 | D:4      | Found a white marble altar of Elyvilon.
  2229 | D:4      | Found a staircase to the Ecumenical Temple.
  2239 | Temple   | Entered the Ecumenical Temple
  2396 | Temple   | Became a worshipper of Ru the Awakened
  2423 | D:4      | HP: 21/46 [orc (3)]
  2507 | D:4      | Reached skill level 4 in Fighting
  2507 | D:4      | Reached skill level 6 in Unarmed Combat
  2561 | D:4      | Noticed a sky beast
  2576 | D:4      | HP: 18/46 [something (7)]
  2589 | D:4      | Killed a sky beast
  2589 | D:4      | Reached XP level 6. HP: 21/53 MP: 5/5
  2775 | D:4      | Found Wywkikki's Magic Scroll Emporium.
  2780 | D:4      | Bought a scroll of blinking for 97 gold pieces
  2780 | D:4      | Bought a scroll of teleportation for 39 gold pieces
  2780 | D:4      | Bought a scroll of enchant armour for 97 gold pieces
  2828 | D:4      | Found a glowing golden altar of the Shining One.
  2948 | D:4      | Reached skill level 7 in Unarmed Combat
  2948 | D:4      | Reached XP level 7. HP: 31/59 MP: 6/6
  3228 | D:4      | Reached skill level 5 in Fighting
  3413 | D:5      | Entered Level 5 of the Dungeon
  3721 | D:5      | Found Jaiter's Antique Armour Emporium.
  3756 | D:5      | Reached skill level 8 in Unarmed Combat
  3756 | D:5      | HP: 18/61 [orc priest/divine providence (14)]
  3763 | D:5      | HP: 19/61 [something/puff of frost (1)]
  4029 | D:5      | HP: 27/61 [sky beast (6)]
  4178 | D:5      | Gained mutation: You are dopey. (Int -2) [Ru sacrifice]
  4219 | D:6      | Found Ment's Weapon Emporium.
  4242 | D:6      | Reached XP level 8. HP: 59/70 MP: 7/7
  4252 | D:6      | Reached skill level 6 in Fighting
  4389 | D:6      | Reached skill level 9 in Unarmed Combat
  4398 | D:6      | HP: 35/70 [centaur/arrow (14)]
  4404 | D:6      | HP: 35/70 [quokka (1)]
  4473 | D:6      | HP: 35/71 [gnoll sergeant/+0 spear (7)]
  4494 | D:6      | HP: 29/71 [gnoll/+0 club (3)]
  4499 | D:6      | HP: 18/71 [gnoll sergeant/+0 spear (8)]
  4500 | D:6      | HP: 8/71 [gnoll sergeant/+0 spear (10)]
  4506 | D:6      | HP: 6/71 [hound (1)]
  4511 | D:6      | Slain by a gnoll sergeant

Vanquished Creatures
  3 sky beasts
  An ogre (D:4)
  2 centaurs
  2 bullfrogs (D:6)
  2 scorpions
  A crimson imp (D:6)
  A bullfrog skeleton (D:5)
  2 hounds (D:6)
  5 orc priests
  4 orc wizards
  2 worker ants
  2 worker ant zombies (D:5)
  4 gnolls (D:6)
  4 adders
  An ooze (D:4)
  2 worms (D:2)
  5 dart slugs
  5 leopard geckos
  17 orcs
  A ball python (D:2)
  6 giant cockroaches
  7 goblins
  4 hobgoblins
  4 jackals (D:5)
  5 kobolds
  2 quokkas
  7 bats
  A frilled lizard (D:4)
  A quokka skeleton (D:4)
  7 rats
  A plant (D:1)
111 creatures vanquished.

Table legend:
 A = Turns spent in this place as a percentage of turns spent in the entire game.
 B = Non-inter-level travel turns spent in this place as a percentage of non-inter-level travel turns spent in the entire game.
 C = Inter-level travel turns spent in this place as a percentage of turns spent in this place.
 D = Turns resting spent in this place as a percentage of non-inter-level travel turns spent in this place.
 E = Turns spent auto-exploring this place as a percentage of non-inter-level travel turns spent in this place.
 F = Non-inter-level travel turns spent in this place divided by the number of levels of this place that you've seen.
                   A       B       C       D       E      F
               +-------+-------+-------+-------+-------+----------------------
         Total | 100.0 | 100.0 |   5.8 |  16.7 |  62.4 | 607.1
       Dungeon |  96.2 |  96.3 |   5.8 |  17.3 |  62.4 | 681.8
        Temple |   3.8 |   3.7 |   6.5 |   0.0 |  62.9 | 159.0
               +-------+-------+-------+-------+-------+----------------------
